 Dungeon Crawl Stone Soup version 0.25.0-9-g26727b657a (webtiles) character file.

Game seed: 2955312890129785034

405 protoss039 the Digger (level 6, 0/33 HPs)
             Began as a Deep Elf Earth Elementalist on June 19, 2020.
             Slain by Grinder (8 damage)
             ... while paralysed by Grinder
             ... on level 4 of the Dungeon.
             The game lasted 00:13:33 (4968 turns).

protoss039 the Digger (Deep Elf Earth Elementalist) Turns: 4968, Time: 00:13:34

Health: 0/33       AC:  3    Str:  5    XL:     6   Next: 56%
Magic:  15/16      EV:  2    Int: 22    God:
Gold:   175        SH:  0    Dex: 15    Spells: 10/16 levels left

rFire    . . .     SeeInvis .   q - +1 dagger (chaos)
rCold    . . .     Gourm    .   (no shield)
rNeg     . . .     Faith    .   c - +0 robe
rPois    .         Spirit   .   (no helmet)
rElec    .         Reflect  .   n - +0 cloak
rCorr    .         Harm     .   (no gloves)
MR       .....                  (no boots)
Stlth    ++........             (no amulet)
HPRegen  0.11/turn              (no ring)
MPRegen  0.15/turn              (no ring)

@: paralysed
A: no striking features
a: no special abilities


You were on level 4 of the Dungeon.
You were hungry.

You visited 1 branch of the dungeon, and saw 4 of its levels.

You collected 175 gold pieces.

Inventory:

Hand Weapons
 l - a +0 dagger
 q - a +1 dagger of chaos (weapon)
Armour
 c - a +0 robe (worn)
 n - a +0 cloak (worn)
Jewellery
 b - an uncursed ring of resist corrosion {unknown}
Scrolls
 a - 2 scrolls of remove curse {unknown}
 f - 2 scrolls of identify {unknown}
 m - a scroll of fog {unknown}
 p - a scroll of immolation {unknown}
 s - a scroll of teleportation {unknown}
 t - a scroll of fear {unknown}
 u - a scroll of noise {unknown}
Potions
 e - 2 potions of invisibility {unknown}
 g - a potion of lignification {unknown}
 h - 3 potions of flight {unknown}
 i - a potion of haste {unknown}
 j - a potion of curing
 k - a potion of stabbing {unknown}
 o - 2 potions of brilliance {unknown}
 r - a potion of mutation {unknown}
Comestibles
 d - 7 rations
 v - 3 chunks of flesh


   Skills:
 + Level 0.7 Fighting
 + Level 0.5 Short Blades
 - Level 2.4 Dodging
 + Level 3.3 Stealth
 + Level 5.7 Spellcasting
 + Level 1.1 Transmutations
 * Level 6.5 Earth Magic


You had 10 spell levels left.
You knew the following spells:

 Your Spells              Type           Power        Failure   Level  Hunger
a - Sandblast             Erth           #####.       1%          1    None
b - Passwall              Tmut/Erth      ###.....     3%          2    None
c - Stone Arrow           Conj/Erth      ###...       8%          3    ##.....

Your spell library contained the following spells:

 Spells                   Type           Power        Failure   Level  Hunger
 Petrify                  Tmut/Erth      ###.....     19%         4    ####...
 Lee's Rapid Deconstruct  Erth           #####.....   19%         5    #####..


Dungeon Overview and Level Annotations

Branches:
Dungeon (4/15)
 Temple: D:4-7

Altars:
Cheibriados
Elyvilon
Makhleb
Xom

Portals:
Abyss: D:3

Annotations:
D:3 2 transporters, Nebesus's ghost, amateur DrFi
D:4 Grinder


Message History

Grinder is heavily wounded.
Grinder hits you!
You writhe in agony.
* * * LOW HITPOINT WARNING * * *
Unknown command.
Unknown command.
Casting: Passwall (safe; 3% risk of failure)
Confirm with . or Enter, or press ? or * to list all spells.
Aiming: Sandblast (safe; 1% risk of failure)
Press: ? - help, Shift-Dir - straight line, f - leopard gecko
Aim: a leopard gecko
Okay, then.
You hit Grinder.
Grinder's magic leaks into the air.
Grinder is heavily wounded.
The leopard gecko barely misses you.
Grinder grins, showing sharp teeth.
Grinder gestures at you.
You suddenly lose the ability to move!
The leopard gecko bites you.
* * * LOW HITPOINT WARNING * * *
Grinder hits you!
You die...

######## #......#
#.####.# .######.####.#
......l@..##.# #####
.######5#.##.######...#
#...>..........#.##
.....##.#####..>..#
##.......#####.#.#.#
##.#######.....<#.# #.#
#.##.###.# #.# #
#.....# #######


You could see Grinder and a leopard gecko.

Vanquished Creatures
  Sigmund (D:2)
  A crimson imp (D:3)
  A centaur zombie (D:3)
  Jessica (D:2)
  4 adders
  A gnoll (D:1)
  An ooze (D:1)
  3 worms
  2 dart slugs
  3 leopard geckos
  6 orcs (D:3)
  A ball python (D:2)
  A giant cockroach (D:2)
  5 goblins
  6 hobgoblins
  4 jackals (D:3)
  A quokka (D:2)
  9 bats
  3 frilled lizards
  11 kobolds
  3 rats
68 creatures vanquished.

Vanquished Creatures (others)
  An orc priest (D:3)
1 creature vanquished.

Grand Total: 69 creatures vanquished

Notes
Turn   | Place    | Note
-------+----------+-------------------------------------------
     0 | D:1      | protoss039 the Deep Elf Earth Elementalist began the quest
                  | for the Orb.
     0 | D:1      | Reached XP level 1. HP: 10/10 MP: 6/6
   580 | D:1      | Reached XP level 2. HP: 8/15 MP: 5/8
   945 | D:1      | Reached skill level 4 in Earth Magic
  1557 | D:1      | Reached XP level 3. HP: 18/19 MP: 5/10
  1576 | D:1      | Learned a level 2 spell: Passwall
  1794 | D:2      | Noticed Sigmund
  1812 | D:2      | Killed Sigmund
  1812 | D:2      | Reached skill level 5 in Earth Magic
  1812 | D:2      | Reached XP level 4. HP: 19/24 MP: 8/12
  1812 | D:2      | Reached XP level 5. HP: 22/28 MP: 9/14
  2001 | D:2      | Found a white marble altar of Elyvilon.
  2273 | D:2      | Reached skill level 5 in Spellcasting
  2606 | D:2      | Found a snail-covered altar of Cheibriados.
  2641 | D:2      | Noticed Jessica
  2652 | D:2      | Killed Jessica
  2652 | D:2      | Reached skill level 6 in Earth Magic
  3017 | D:3      | Learned a level 3 spell: Stone Arrow
  3184 | D:3      | Found a shimmering altar of Xom.
  3184 | D:3      | Found a burning altar of Makhleb.
  3186 | D:3      | Reached XP level 6. HP: 33/33 MP: 13/16
  3562 | D:3      | Found a transporter.
  3562 | D:3      | Found a one-way gate to the infinite horrors of the Abyss.
  3562 | D:3      | Noticed Nebesus's ghost (amateur DrFi)
  3562 | D:3      | Noticed a small abomination
  3566 | D:3      | Found a transporter.
  4946 | D:4      | Noticed Grinder
  4967 | D:4      | Paralysed by Grinder for 7 turns
  4968 | D:4      | Slain by Grinder

Illustrated notes

Levels and vault maps discovered:
D:1:      ebering_trefoil_3fold, layout_loops_corners
D:2:      layout_basic, cheibriados_altar_1, nicolae_overflow_crystal_walls,
          first_ration, serial_co_window_serial, co_window_corner_a,
          co_window_paths_a, co_window_paths_a, co_window_paths_a,
          co_window_paths_b, co_window_corner_a, co_window_paths_a,
          co_window_corner_a, co_window_paths_a, co_window_broadway_b,
          co_window_corner_cb, co_window_2corner, co_window_4corner_a,
          glass_columns_a, glass_columns_a, uniq_sigmund, uniq_jessica
D:3:      layout_basic, grunt_temple_overflow_champion_of_chaos,
          gammafunk_ghost_abyssal_escape
D:4:      layout_loops_corners, serial_shops, shop, uniq_grinder

Skill      XL: |  1  2  3  4  5 |
---------------+----------------+-----
Earth Magic    | 4 5 6 |  6.5
Spellcasting   | 4 5 |  5.7
Stealth        | 3 |  3.3
Fighting       | |  0.7
Short Blades   | |  0.5
Dodging        | |  2.4
Transmutations | |  1.1

Action                   |  1- 3 |  4- 6 || total
-------------------------+-------+-------++-------
Melee: Unarmed           |    53 |       ||    53
       Dagger            |     5 |   125 ||   130
 Cast: Sandblast         |    26 |    42 ||    68
       Passwall          |       |     5 ||     5
 Stab: Sleeping          |       |     9 ||     9
  Eat: Chunk             |     3 |     9 ||    12
Armor: Robe              |    28 |    29 ||    57
Dodge: Dodged            |    64 |   117 ||   181
